 Dungeon Crawl Stone Soup version 0.32-a0-30-gefbe487952 (webtiles) character file.

Game seed: 13822662666435341364

165 kae the Changeling (level 5, -2/37 HPs)
             Began as a Demonspawn Shapeshifter on Jan 19, 2024.
             Slain by an orc priest
             ... wielding a +1 hand axe of freezing
              (6 damage)
             ... on level 3 of the Dungeon.
             The game lasted 00:01:20 (2100 turns).

kae the Changeling (Demonspawn Shapeshifter)        Turns: 2100, Time: 00:01:20

Health: -2/37      AC:  2    Str: 15    XL:     5   Next: 21%
Magic:  5/5        EV: 12    Int: 10    God:
Gold:   70         SH:  0    Dex: 14    Spells: 4/4 levels left

rFire   . .          .
                       - Unarmed
rCold   . . .        (no shield)
rNeg    . . .        a - +0 animal skin
rPois   .            (helmet restricted)
rElec   .            n - scarf {repulsion}
rCorr   .            (no gloves)
SInv    .            (no boots)
Will    .....        (no amulet)
Stlth   +            (no ring)
HPRegen 0.26/turn    (no ring)
MPRegen 0.09/turn

%: repel missiles
@: no status effects
A: horns 1, powered by death 1
a: no special abilities


You were on level 3 of the Dungeon.
You visited 1 branch of the dungeon, and saw 3 of its levels.

You collected 70 gold pieces.


Innate Abilities, Weirdness & Mutations

You have a pair of small horns on your head.
You regenerate a little health from kills.


   Skills:
 - Level 1.0 Fighting
 - Level 1.7 Dodging
 + Level 3.8 Unarmed Combat
 * Level 4.3 Shapeshifting


You had 4 spell levels left.
You didn't know any spells.
Your spell library was empty.

Inventory:

Missiles
 f - 32 stones (quivered)
 k - 5 darts of dispersal {=f!f}
 l - 2 throwing nets {=f!f}
 o - 4 poisoned darts
Armour
 a - a +0 animal skin (worn)
 n - a scarf of repulsion (worn)
   (You found it on level 2 of the Dungeon)
Talismans
 c - a beast talisman
 d - a flux talisman
Scrolls
 i - a scroll of identify {@r1}
Potions
 b - a potion of lignification {!q}
 e - a potion of attraction {unknown}
 g - a potion of brilliance
 h - a potion of berserk rage {unknown}
 j - a potion of ambrosia {unknown}
 m - a potion of might {unknown}

Dungeon Overview and Level Annotations

Branches:
Dungeon (3/15) Zot: 15909

Altars:
Gozag
Trog
Uskayaw

.._8.. #.# #.._..##.#
#.....##)# ##########
. #........#
#.)......#
..#........#
#.........
.o'........#
#........#
#........####........#
#....g............#.##
#.o.o@.............[††
#.###############.#.##
#.#.# #.#.# #.#.##
#....# ######


You could see 2 orc priests, an orc (wandering) and a goblin.


Message History

Unknown command.
You hit the bombardier beetle.
You kill the bombardier beetle!
The liquid fire burns you! 😮 HP[-4]
You take 4 damage, and now have 22/32 hp.
You shake off some of the fire as you move.
The liquid fire burns you! The bombardier beetle misses you.
You see here a ball python corpse. 😮 HP[-4]
You take 4 damage, and now have 18/32 hp.
You hit the bombardier beetle. The liquid fire burns you!
* * * LOW HITPOINT WARNING * * *
😨 HP[-3]
You take 3 damage, and now have 15/32 hp.
You hit the bombardier beetle.
Your headbutt misses the bombardier beetle.
The liquid fire burns you!
* * * LOW HITPOINT WARNING * * *
The bombardier beetle closely misses you.
Unknown command. 😨 HP[-3]
You take 3 damage, and now have 12/32 hp.
You hit the bombardier beetle but do no damage.
The liquid fire burns you!
* * * LOW HITPOINT WARNING * * *
😨 HP[-2]
You take 2 damage, and now have 10/32 hp.
You shake off the liquid fire.
The bombardier beetle attacks as it pursues you!
The bombardier beetle bites you.
* * * LOW HITPOINT WARNING * * *
😱 HP[-2]
You take 2 damage, and now have 8/32 hp.
The bombardier beetle attacks as it pursues you!
The bombardier beetle bites you.
* * * LOW HITPOINT WARNING * * *
😱 HP[-1]
You take 1 damage, and now have 7/32 hp.
You barely miss the bombardier beetle.
Unknown command.
You hit the bombardier beetle.
The bombardier beetle barely misses you. 😱 HP[+1]
You hit the bombardier beetle but do no damage.
You headbutt the bombardier beetle. You hit the bombardier beetle.
You headbutt the bombardier beetle.
You kill the bombardier beetle!
You have reached level 5! 😨 HP[+3] MP[+1]
You now have 37 max hp (+5).
You regained 3 hp, and now have 11/37 hp.
Your mp is fully restored (5).
You see here a bombardier beetle corpse.
You see here a ball python corpse.
You see here a ball python corpse.
You see here a bombardier beetle corpse.
Key pressed, stopping explore.
You see here a bombardier beetle corpse.
You see here a ball python corpse.
You see here a +0 ring mail.
Found a hide-covered altar of Uskayaw. 😎 HP[+26]
Your hp is fully restored (37).
Found a bloodstained altar of Trog.
No target in view!
No target in view!
A goblin and an orc priest come into view.
The orc priest is wielding a +1 hand axe of freezing.
The orc priest shouts!
The goblin shouts!
You hear an angry hiss.
The orc priest mumbles some strange prayers to Beogh against you.
Beogh smites you! 😮 HP[-11]
You take 11 damage, and now have 26/37 hp.
MASSIVE DAMAGE!! (PAUSE) 😮 HP[+1]
You closely miss the orc priest. Your headbutt misses the orc priest.
The orc priest hits you with a +1 hand axe of freezing.
The orc priest freezes you. 😮 HP[-7]
You take 7 damage, and now have 20/37 hp.
Unknown command.
You hit the orc priest but do no damage.
You headbutt the orc priest.
Something unseen opens the door.
An orc priest comes into view. It is wielding a +0 dagger.
The orc priest calls down the wrath of Beogh upon you.
Beogh smites you!
* * * LOW HITPOINT WARNING * * *
The goblin closely misses you.
An orc comes into view. It is wielding a +0 whip. 😱 HP[-16]
You take 16 damage, and now have 4/37 hp.
MASSIVE DAMAGE!! (PAUSE) It was a potion of magic.
Magic courses through your body. The goblin completely misses you.
The orc priest hits you with a +1 hand axe of freezing.
You die...

Skill      XL: |  1  2  3  4 |
---------------+-------------+-----
Unarmed Combat | 3 |  3.8
Shapeshifting  | 3 4 |  4.3
Fighting       | |  1.0
Dodging        | |  1.7

Action                     |  1- 3 |  4- 6 || total
---------------------------+-------+-------++-------
  Melee: Unarmed           |   123 |    35 ||   158
         Headbutt          |    21 |     8 ||    29
         Punch             |     1 |       ||     1
Ability: Begin Untransform |     1 |       ||     1
    Use: Scroll            |     5 |       ||     5
         Potion            |       |     1 ||     1
   Stab: Sleeping          |     3 |       ||     3
 Armour: Animal skin       |    54 |    15 ||    69
  Dodge: Dodged            |    61 |    13 ||    74
         Repelled          |       |     2 ||     2

Levels and vault maps discovered:
D:1:      amcnicky_arrival_choice, layout_loops_ring
D:2:      minmay_wonky_spiral, layout_rooms,
          shapermc_ecumenical_altar_mp_vishouse, basic_altar,
          grunt_decor_one_mirror, minmay_domino_2
D:3:      layout_basic, chequers_temple_overflow_statue_of_worship,
          nicolae_figureground_sparkle

Notes
Turn   | Place    | Note
-------+----------+-------------------------------------------
     0 | D:1      | kae the Demonspawn Shapeshifter began the quest for the
                  | Orb.
     0 | D:1      | Reached XP level 1. HP: 15/15 MP: 1/1
     0 | D:1      | magus.rc [v1.11.3]
   155 | D:1      | Reached skill level 3 in Unarmed Combat
   155 | D:1      | Gained mutation: You have a pair of small horns on your
                  | head. [demonic ancestry]
   155 | D:1      | Reached XP level 2. HP: 15/21 MP: 2/2
   184 | D:1      | Reached skill level 3 in Shapeshifting
   954 | D:2      | Found a faded altar of an unknown god.
   984 | D:2      | Reached XP level 3. HP: 25/26 MP: 3/3
  1124 | D:2      | Found an opulent altar of Gozag.
  1513 | D:3      | Gained mutation: You regenerate a little health from kills.
                  | [demonic ancestry]
  1513 | D:3      | Reached XP level 4. HP: 13/32 MP: 4/4
  1691 | D:3      | Reached skill level 4 in Shapeshifting
  1946 | D:3      | HP: 8/32 [bombardier beetle (2)]
  1952 | D:3      | Reached XP level 5. HP: 11/37 MP: 5/5
  2092 | D:3      | Found a hide-covered altar of Uskayaw.
  2093 | D:3      | Found a bloodstained altar of Trog.
  2099 | D:3      | HP: 4/37 [orc priest/divine providence (16)]
  2100 | D:3      | Slain by an orc priest

Vanquished Creatures
  A howler monkey (D:3)
  2 bombardier beetles (D:3)
  An adder (D:2)
  A ribbon worm (D:2)
  An orc (D:3)
  4 endoplasms
  3 giant cockroaches
  6 goblins
  6 hobgoblins
  A quokka (D:3)
  6 ball pythons
  9 bats
  2 frilled lizards
  4 kobolds
  6 rats
53 creatures vanquished.

Table legend:
 A = Non-vault XP
 B = Vault XP
 C = Vault XP percentage of total XP
 D = Non-vault monster count
 E = Vault monster count
 F = Vault count percentage of total count
                 A         B        C        D         E       F
            +---------+---------+-------+---------+---------+-------
      Total |     226 |      10 |   4.2 |      48 |       5 |   9.4
            +---------+---------+-------+---------+---------+-------
        D:1 |      27 |       0 |   0.0 |      19 |       0 |   0.0
        D:2 |      43 |      10 |  18.9 |      20 |       5 |  20.0
        D:3 |     156 |       0 |   0.0 |       9 |       0 |   0.0
            +---------+---------+-------+---------+---------+-------

Skill      XL: |  1  2  3  4 |
---------------+-------------+-----
Unarmed Combat | 3 |  3.8
Shapeshifting  | 3 4 |  4.3
Fighting       | |  1.0
Dodging        | |  1.7

Action                     |  1- 3 |  4- 6 || total
---------------------------+-------+-------++-------
  Melee: Unarmed           |   123 |    35 ||   158
         Headbutt          |    21 |     8 ||    29
         Punch             |     1 |       ||     1
Ability: Begin Untransform |     1 |       ||     1
    Use: Scroll            |     5 |       ||     5
         Potion            |       |     1 ||     1
   Stab: Sleeping          |     3 |       ||     3
 Armour: Animal skin       |    54 |    15 ||    69
  Dodge: Dodged            |    61 |    13 ||    74
         Repelled          |       |     2 ||     2

Illustrated notes

Table legend:
 A = Kills in this place as a percentage of kills in the entire game.
 B = Kills by you in this place as a percentage of kills by you in the entire game.
 C = Kills by friends in this place as a percentage of kills by friends in the entire game.
 D = Other kills in this place as a percentage of other kills in the entire game.
 E = Experience gained in this place as a percentage of experience gained in the entire game.
 F = Experience gained in this place divided by the number of levels of this place that you have seen.
                   A       B       C       D       E      F
               +-------+-------+-------+-------+-------+----------------------
         Total | 100.0 | 100.0 |   N/A |   N/A | 100.0 |  78.7
       Dungeon | 100.0 | 100.0 |   N/A |   N/A | 100.0 |  78.7
               +-------+-------+-------+-------+-------+----------------------

Table legend: (Time is in decaauts)
 A = Elapsed time spent in this place.
 B = Non-inter-level travel time spent in this place.
 C = Inter-level travel time spent in this place.
 D = Time resting spent in this place.
 E = Time spent auto-exploring this place.
 F = Levels seen in this place.
 G = Mean time per level.
                   A        B        C        D        E       F      G
               +--------+--------+--------+--------+--------+-----+--------+
         Total |   2089 |   2055 |     34 |    156 |   1520 |   3 |  696.3 |
       Dungeon |   2089 |   2055 |     34 |    156 |   1520 |   3 |  696.3 |
               +--------+--------+--------+--------+--------+-----+--------+

Top non-repeatable levels by time:
     D:1: 762 daAuts
     D:2: 707 daAuts
     D:3: 619 daAuts
